 Seeded DCSS version 0.30-a0-578-gdee14c521f (webtiles) character file.

Game seed: 20230101 (custom seed)

73 purpskrrrp the Sneak (level 4, 0/26 HPs)
             Began as a Vampire Brigand on Jan 1, 2023.
             Slain by a gnoll
             ... wielding a +0 spear
              (7 damage)
             ... on level 3 of the Dungeon.
             The game lasted 00:03:30 (1253 turns).

purpskrrrp the Sneak (Vampire Brigand)              Turns: 1253, Time: 00:03:30

Health: 0/26       AC:  6    Str: 16    XL:     4   Next: 8%
Magic:  4/4        EV: 12    Int: 13    God:
Gold:   54         SH:  0    Dex: 17    Spells: 3/3 levels left

rFire   . . .      SeeInvis +    a - +4 dagger
rCold   + + .      Faith    .    (no shield)
rNeg    + + +      Spirit   .    b - +0 robe
rPois   ∞          Reflect  .    q - +1 helmet
rElec   .          Harm     .    c - +0 cloak
rCorr   .          Rampage  .    r - +0 pair of gloves
Will    .....                    (no boots)
Stlth   ++++++                   (no amulet)
HPRegen 0.00/turn                l - +4 ring of slaying
MPRegen 0.09/turn                i - +6 ring of strength

@: bloodless, inhibited regen
A: bloodless, fangs 3, see invisible, vampiric 2
a: Bat Form, Revivify


You were on level 3 of the Dungeon.
You visited 1 branch of the dungeon, and saw 3 of its levels.

You collected 54 gold pieces.

Inventory:

Hand Weapons
 a - a +4 dagger (weapon)
Missiles
 d - 9 poisoned darts
 e - 3 curare-tipped darts
Armour
 b - a +0 robe (worn)
 c - a +0 cloak (worn)
 q - a +1 helmet (worn)
 r - a +0 pair of gloves (worn)
Jewellery
 i - a +6 ring of strength (right hand)
 j - a ring of flight
 l - a +4 ring of slaying (left hand)
Potions
 f - a potion of ambrosia
 m - a potion of heal wounds {unknown}
 o - 2 potions of mutation {unknown}


   Skills:
 - Level 1.7 Fighting
 + Level 3.0 Short Blades
 - Level 1.5 Throwing
 + Level 2.2 Dodging
 * Level 7.4 Stealth


You had 3 spell levels left.
You didn't know any spells.
Your spell library contained the following spells:

 Spells                   Type           Power      Damage    Failure   Level
 Apportation              Tloc           0%         N/A       30%         1
 Necrotise                Necr           0%         1d4       30%         1
 Summon Small Mammal      Summ           0%         N/A       30%         1


Dungeon Overview and Level Annotations

Branches:
Dungeon (3/15)

Altars:

Shops:
D:1 (   D:2 :


Innate Abilities, Weirdness & Mutations

You do not regenerate when monsters are visible.
You are frail without blood (-20% HP).
You can heal yourself when you bite living creatures.
You are immune to poison.
You have razor-sharp teeth.
You have supernaturally acute eyesight. (SInv)
You are afflicted with vampirism and can become a bat while bloodless.


Message History

The bat closely misses you. The bat hits you but does no damage.
The bat misses you. The bat hits you but does no damage.
The bat attacks as you move away! The bat completely misses you.
The bat hits you but does no damage. The bat attacks as you move away!
The bat hits you. The bat hits you but does no damage.
The bat barely misses you. The bat barely misses you.
The bat barely misses you. The bat attacks as you move away!
The bat completely misses you. The bat hits you.
The bat hits you but does no damage.
You completely miss the bat. The bat hits you but does no damage. x2
You hit the bat.
You kill the bat!
Your Short Blades skill increases to level 3!
You feel better. The gnoll barely misses you.
You closely miss the gnoll. The gnoll hits you with a +0 flail.
The gnoll hits you from afar with a +0 spear.
You hit the gnoll but do no damage. You bite the gnoll.
You draw the gnoll's blood!
You feel better.
The gnoll is heavily wounded.
The gnoll completely misses you.
The gnoll hits you from afar with a +0 spear.
You hit the gnoll.
The gnoll is almost dead.
The gnoll hits you with a +0 flail!
* * * LOW HITPOINT WARNING * * *
The gnoll hits you from afar with a +0 spear.
* * * LOW HITPOINT WARNING * * *
You hit the gnoll.
You kill the gnoll!
You have reached level 4!
Okay, then.
You aren't carrying any scrolls.
The gnoll barely misses you.
You see here a +0 flail.
You hit the gnoll but do no damage. The gnoll hits you with a +0 spear!
You die...

...... #.# .....
#.# ##...#######
##.##
#..........###...##
#.#..##.##.##.....#
#.#..##.##.###...##
#.#.....g..........
#.##.##.##.########
#.@g....##.#
####.#####.# #...
..# ##### ###


You could see a gnoll.

Vanquished Creatures
  2 adders (D:2)
  A gnoll (D:3)
  3 worms (D:2)
  4 ball pythons
  2 bats
  7 endoplasms
  2 goblins
  3 hobgoblins
  3 frilled lizards (D:1)
  6 kobolds
  2 rats
35 creatures vanquished.

Notes
Turn   | Place    | Note
-------+----------+-------------------------------------------
     0 | D:1      | purpskrrrp the Vampire Brigand began the quest for the Orb.
     0 | D:1      | Reached XP level 1. HP: 16/16 MP: 1/1
    96 | D:1      | Reached skill level 6 in Stealth
   260 | D:1      | Reached XP level 2. HP: 18/22 MP: 2/2
   296 | D:1      | Found Coskaan's Antique Weapon Boutique.
   637 | D:2      | Gained mutation: You are afflicted with vampirism and can
                  | become a bat while bloodless. [Vampire growth]
   637 | D:2      | Reached XP level 3. HP: 21/21 MP: 3/3
   646 | D:2      | Reached skill level 7 in Stealth
   737 | D:2      | Found Foussoh's Book Shoppe.
  1252 | D:3      | Reached XP level 4. HP: 7/26 MP: 4/4
  1253 | D:3      | Slain by a gnoll

Illustrated notes

Levels and vault maps discovered:
D:1:      spicycebolla_arrival_ecumenical, layout_basic, serial_shops,
          nicolae_shop_behind_doors
D:2:      layout_rooms, serial_shops, nicolae_lakefront_shop,
          nicolae_eternal_life, grunt_ministairs_15
D:3:      layout_loops_corners, cheibrodos_sewer_entry_sluice,
          kennysheep_another_room, uniq_sigmund

Skill      XL: |  1  2  3 |
---------------+----------+-----
Stealth        | 6 7 |  7.4
Dodging        | 2 |  2.2
Short Blades   | 3 |  3.0
Fighting       | |  1.7
Throwing       | |  1.5

Action                   |  1- 3 |  4- 6 || total
-------------------------+-------+-------++-------
Melee: Dagger            |    62 |     1 ||    63
       Bite              |     6 |       ||     6
 Abil: Exsanguinate      |     1 |       ||     1
  Use: Scroll            |     9 |       ||     9
       Potion            |     2 |       ||     2
 Stab: Sleeping          |    17 |       ||    17
Armor: Robe              |    32 |       ||    32
Dodge: Dodged            |    50 |     1 ||    51

Table legend: (Time is in decaauts)
 A = Elapsed time spent in this place.
 B = Non-inter-level travel time spent in this place.
 C = Inter-level travel time spent in this place.
 D = Time resting spent in this place.
 E = Time spent auto-exploring this place.
 F = Levels seen in this place.
 G = Mean time per level.
                   A        B        C        D        E       F      G
               +--------+--------+--------+--------+--------+-----+--------+
         Total |   1243 |   1180 |     63 |      0 |    855 |   3 |  414.3 |
       Dungeon |   1243 |   1180 |     63 |      0 |    855 |   3 |  414.3 |
               +--------+--------+--------+--------+--------+-----+--------+

Top non-repeatable levels by time:
     D:1: 574 daAuts
     D:2: 573 daAuts
     D:3: 96 daAuts
